[Event "Titled Tuesday Blitz July 18 Late 2023"]
[White "Deviprasath, Sharvesh"]
[Black "Schachpanda_Youtube"]
[WhiteFideId "30938228"]
[WhiteElo "2434"]
[BlackElo "2227"]
[Result "1-0"]
[Round "4"]
[TimeControl "180+2"]
[Date "2023.07.18"]
[WhiteClock "0:01:10"]
[BlackClock "0:00:00"]
[Board "169"]

1. Nf3 d5 2. c4 e6 3. e3 Nf6 4. Nc3 Be7 5. b3 b6 6. Bb2 Bb7 7. cxd5 exd5 8. d4 O-O 9. Bd3 Nbd7 10. O-O Ne4 11. Rc1 a6 12. Qc2 f5 13. Ne5 Bd6 14. Ne2 c5 15. Nxd7 Qxd7 16. dxc5 bxc5 17. Rfd1 Qe7 18. Ng3 h5 19. Nxh5 Bxh2+ 20. Kxh2 Qh4+ 21. Kg1 Qxh5 22. Bxe4 fxe4 23. Qxc5 Rac8 24. Qe7 Rf7 25. Rxc8+ Bxc8 26. Qe8+ Kh7 27. Qxc8 Qxd1+ 28. Kh2 Qh5+ 29. Kg1 Qd1+ 30. Kh2 Qh5+ 31. Kg3 Qg5+ 32. Kh3 Qf5+ 33. Qxf5+ Rxf5 34. Kg3 g6 35. b4 Kg8 36. a4 Kf7 37. b5 axb5 38. axb5 Ke8 39. b6 Kd7 40. Bd4 Kc6 41. f4 exf3 42. gxf3 Rf7 43. Kg4 Rf5 44. f4 Kb7 45. Kf3 Kc6 46. Ke2 Kb7 47. Kd3 Kc6 48. Kc3 Rf7 49. Kb4 Kb7 50. Kc5 Rd7 51. Be5 Rd8 52. Bc7 Rd7 53. Kd4 Rxc7 54. bxc7 Kxc7 55. Kxd5 Kd7 56. e4 Ke7 57. Ke5 1-0


[Site "https://www.chess.com"]

[Event "Titled Tuesday Blitz July 18 Late 2023"]
[White "De Arruda, Leandro Formes"]
[Black "JonSnowNW1"]
[WhiteFideId "22722009"]
[WhiteElo "2217"]
[BlackElo "2423"]
[Result "0-1"]
[Round "4"]
[TimeControl "180+2"]
[Date "2023.07.18"]
[WhiteClock "0:00:00"]
[BlackClock "0:01:00"]
[Board "170"]

1. d4 d5 2. Nf3 Nf6 3. e3 c6 4. Nbd2 e6 5. Bd3 Nbd7 6. O-O Be7 7. Ne5 c5 8. c3 c4 9. Bc2 Nxe5 10. dxe5 Nd7 11. f4 b5 12. Nf3 Qb6 13. Nd4 Bb7 14. Qg4 g6 15. a4 a6 16. a5 Qc7 17. Bd2 O-O-O 18. b3 h5 19. Qe2 Nc5 20. bxc4 dxc4 21. Rfb1 Ne4 22. Rxb5 axb5 23. a6 Ba8 24. Nxb5 Rxd2 25. Qe1 Ng3 26. Qxd2 Qc5 27. hxg3 Qxb5 28. Ba4 Qd5 29. Qe2 Bc5 30. Rd1 Qe4 31. Bd7+ Kc7 32. Qb2 Bxe3+ 33. Kh2 h4 34. g4 Bxf4+ 35. Kh1 h3 36. Kg1 Be3+ 37. Kf1 hxg2+ 38. Ke2 Bc1+ 0-1


[Site "https://www.chess.com"]

[Event "Titled Tuesday Blitz July 18 Late 2023"]
[White "Chabris, Christopher"]
[Black "ChessSG1"]
[WhiteFideId "2005263"]
[WhiteElo "2382"]
[BlackElo "2214"]
[Result "0-1"]
[Round "4"]
[TimeControl "180+2"]
[Date "2023.07.18"]
[WhiteClock "0:00:02"]
[BlackClock "0:01:00"]
[Board "171"]

1. e4 c5 2. Nf3 e6 3. d4 cxd4 4. Nxd4 a6 5. c4 Nf6 6. Nc3 Bb4 7. Nc2 Bxc3+ 8. bxc3 O-O 9. Ba3 Re8 10. e5 Ne4 11. Bd3 d5 12. exd6 Nxc3 13. Qd2 Na4 14. O-O Nc6 15. Rfe1 e5 16. Be4 Nb6 17. c5 Nc4 18. Qd3 Nxa3 19. Bxh7+ Kh8 20. Nxa3 g6 21. Bxg6 fxg6 22. Qxg6 Re6 23. Qh5+ Kg7 24. Re3 Rg6 25. Rae1 Bg4 26. Qxg6+ Kxg6 27. Rg3 Kh5 28. Nc4 Qf6 29. Ne3 Be6 30. Rf3 Qg7 31. h3 Nd4 32. Rg3 Qf6 33. Ng4 Bxg4 34. Rxg4 Rf8 35. f3 Rc8 36. d7 Rxc5 37. Ree4 Rd5 38. g3 Rxd7 39. Rh4+ Kg6 40. Reg4+ Kf7 41. Rh7+ Ke6 42. f4 Rxh7 0-1


[Site "https://www.chess.com"]

[Event "Titled Tuesday Blitz July 18 Late 2023"]
[White "Todev, Simeon"]
[Black "Sailer, Mike"]
[WhiteFideId "2925133"]
[BlackFideId "2012901"]
[WhiteElo "2381"]
[BlackElo "2154"]
[Result "0-1"]
[Round "4"]
[TimeControl "180+2"]
[Date "2023.07.18"]
[WhiteClock "0:00:59"]
[BlackClock "0:00:15"]
[Board "172"]

1. e4 d5 2. exd5 Qxd5 3. d4 Nc6 4. Nf3 Bg4 5. Be2 O-O-O 6. Be3 Nf6 7. Nc3 Qf5 8. O-O e5 9. d5 Nb4 10. h3 Bxf3 11. Bxf3 Nxc2 12. Nb5 a6 13. Rc1 Nxe3 14. fxe3 Qd7 15. Rxc7+ Qxc7 16. Nxc7 Kxc7 17. e4 Kb8 18. Be2 Bc5+ 19. Kh1 Nxe4 20. Qc2 Ng3+ 21. Kh2 Nxf1+ 22. Bxf1 Rxd5 23. Bxa6 Bd4 24. Qb3 Rd7 25. Bc4 f6 26. Bd5 Rhd8 27. Be4 g6 28. a4 f5 29. Bc6 Rc7 30. Bb5 e4 31. a5 Be5+ 32. g3 f4 33. a6 fxg3+ 34. Kg2 Rd2+ 35. Kg1 Rc1+ 36. Bf1 Bd4+ 37. Kh1 Rxf1# 0-1


[Site "https://www.chess.com"]

[Event "Titled Tuesday Blitz July 18 Late 2023"]
[White "Capp, Stephen"]
[Black "Hoffmann, Asa"]
[WhiteFideId "2027089"]
[BlackFideId "2001470"]
[WhiteElo "2127"]
[BlackElo "2378"]
[Result "0-1"]
[Round "4"]
[TimeControl "180+2"]
[Date "2023.07.18"]
[WhiteClock "0:00:36"]
[BlackClock "0:01:45"]
[Board "173"]

1. e4 d6 2. Nc3 Nf6 3. f4 c6 4. Nf3 d5 5. e5 Ne4 6. d3 Nxc3 7. bxc3 Bg4 8. d4 e6 9. Bd3 c5 10. dxc5 Bxc5 11. Qe2 Qb6 12. Bd2 Nc6 13. h3 Bxf3 14. Qxf3 g6 15. Ke2 a6 16. Rhb1 Qc7 17. Be3 Bxe3 18. Qxe3 O-O 19. g4 f6 20. exf6 Rxf6 21. Rf1 Raf8 22. f5 e5 23. fxg6 e4 24. gxh7+ Kxh7 25. Bxe4+ dxe4 26. Qxe4+ Kg7 27. Rxf6 Rxf6 28. g5 Qh2+ 29. Kd3 Qxh3+ 30. Kc4 Qe6+ 0-1


[Site "https://www.chess.com"]

[Event "Titled Tuesday Blitz July 18 Late 2023"]
[White "Feliz Dotel, Dewar Bienvenido"]
[Black "Lalanne, Pablo"]
[WhiteFideId "6402801"]
[BlackFideId "112151"]
[WhiteElo "2067"]
[BlackElo "2366"]
[Result "0-1"]
[Round "4"]
[TimeControl "180+2"]
[Date "2023.07.18"]
[WhiteClock "0:00:05"]
[BlackClock "0:00:45"]
[Board "175"]

1. d4 Nf6 2. e4 e6 3. e5 Nd5 4. c4 Bb4+ 5. Bd2 Bxd2+ 6. Qxd2 Nb6 7. Nc3 d6 8. exd6 cxd6 9. Nf3 Nc6 10. Be2 O-O 11. O-O d5 12. cxd5 Nxd5 13. a3 b6 14. Ne5 Bb7 15. Bf3 Nce7 16. Rac1 Rc8 17. Rc2 f6 18. Ng4 Qd7 19. Rfc1 Rfd8 20. Ne3 Nxe3 21. Bxb7 Qxb7 22. Qxe3 Qd7 23. h4 Nf5 24. Qe4 Nxd4 25. Rd2 Nf3+ 26. Qxf3 Qxd2 27. Rd1 Qxb2 28. Rxd8+ Rxd8 29. h5 Qc1+ 30. Kh2 Qg5 31. Ne4 Qh4+ 32. Kg1 f5 33. Ng3 Qd4 34. Qc6 Qd1+ 35. Kh2 Qd6 36. Qc4 f4 37. Ne4 Qd5 38. Qc2 Qxh5+ 39. Kg1 Rd1+ 0-1


[Site "https://www.chess.com"]

[Event "Titled Tuesday Blitz July 18 Late 2023"]
[White "Prydun, Andriy"]
[Black "Winkels, Marcel"]
[WhiteFideId "14145898"]
[BlackFideId "1003887"]
[WhiteElo "2337"]
[BlackElo "2055"]
[Result "1-0"]
[Round "4"]
[TimeControl "180+2"]
[Date "2023.07.18"]
[WhiteClock "0:00:11"]
[BlackClock "0:00:00"]
[Board "176"]

1. d4 Nf6 2. Nd2 d5 3. Ngf3 g6 4. Ne5 Bg7 5. Nd3 O-O 6. Nb3 Nbd7 7. Bf4 Nh5 8. Be5 Nxe5 9. dxe5 a5 10. a4 b6 11. e3 c5 12. g4 c4 13. gxh5 cxd3 14. Bxd3 Bxe5 15. Nd4 Bg7 16. Bb5 e5 17. Nc6 Qd6 18. Qxd5 Qxd5 19. Ne7+ Kh8 20. Nxd5 Bb7 21. e4 f5 22. f3 Bh6 23. hxg6 hxg6 24. Nxb6 Rad8 25. Nd7 Rfe8 26. Nc5 Re7 27. Rd1 Rd4 28. c3 Rxd1+ 29. Kxd1 Be3 30. Nxb7 Rxb7 31. Ke2 Bc5 32. exf5 gxf5 33. Rd1 Kg7 34. Rd7+ Rxd7 35. Bxd7 Kf6 36. Kd3 Bg1 37. h3 Bf2 38. b4 axb4 39. cxb4 Be1 40. Kc4 e4 41. fxe4 fxe4 42. Bg4 Ke5 43. a5 Bf2 44. b5 e3 45. b6 Kd6 46. Kb5 e2 47. Bxe2 1-0


[Site "https://www.chess.com"]

[Event "Titled Tuesday Blitz July 18 Late 2023"]
[White "Dubreuil, Julien"]
[Black "Sainz Aguirre, Ignacio"]
[WhiteFideId "621285"]
[BlackFideId "5101727"]
[WhiteElo "2332"]
[BlackElo "1966"]
[Result "1-0"]
[Round "4"]
[TimeControl "180+2"]
[Date "2023.07.18"]
[WhiteClock "0:01:07"]
[BlackClock "0:00:27"]
[Board "178"]

1. c4 e6 2. g3 d5 3. Bg2 Nf6 4. Nf3 b6 5. O-O Bb7 6. b3 Be7 7. Bb2 O-O 8. e3 Nbd7 9. d4 c5 10. Nc3 Rc8 11. Qe2 Qc7 12. Rac1 Qb8 13. Rfd1 h6 14. cxd5 exd5 15. Bh3 Rc7 16. Nb5 Rcc8 17. Nh4 Rfe8 18. Nf5 Bf8 19. dxc5 bxc5 20. Nxh6+ gxh6 21. Bxd7 Nxd7 22. Qg4+ Kh7 23. Qxd7 Re7 24. Qf5+ Kg8 25. Qg4+ Kh7 26. Rxc5 Rxc5 27. Qf5+ Kg8 28. Qf6 d4 29. Bxd4 Rce5 30. f4 R7e6 31. Bxe5 Qc8 32. Qh8# 1-0


[Site "https://www.chess.com"]

[Event "Titled Tuesday Blitz July 18 Late 2023"]
[White "Dmitriev, Sergey"]
[Black "Vifleemskaia, Svetlana"]
[WhiteFideId "14101785"]
[BlackFideId "4129490"]
[WhiteElo "1958"]
[BlackElo "2321"]
[Result "0-1"]
[Round "4"]
[TimeControl "180+2"]
[Date "2023.07.18"]
[WhiteClock "0:00:20"]
[BlackClock "0:00:35"]
[Board "179"]

1. d4 Nf6 2. Bf4 d5 3. Nf3 c5 4. e3 Nc6 5. c3 Qb6 6. Qb3 c4 7. Qxb6 axb6 8. Bc7 Ra6 9. b3 b5 10. Nbd2 Kd7 11. Bg3 e6 12. Ne5+ Nxe5 13. dxe5 Nh5 14. Bh4 g6 15. g4 Ng7 16. Bf6 Rg8 17. f4 Ba3 18. bxc4 bxc4 19. Rb1 Bc5 20. Rb2 Bxe3 21. Bg5 h5 22. h3 Ne8 23. Ke2 Bc5 24. Bg2 Be7 25. Bxe7 Kxe7 26. Bf3 h4 27. Rhb1 Nc7 28. Kd1 g5 29. f5 exf5 30. gxf5 Bxf5 31. Ra1 Bxh3 32. Rxb7 Kd7 33. Rb4 g4 34. Bh1 g3 35. Nf3 g2 36. Bxg2 Rxg2 37. Nd4 Rg1+ 0-1


[Site "https://www.chess.com"]

[Event "Titled Tuesday Blitz July 18 Late 2023"]
[White "Lutz, Igor Oscar"]
[Black "Ncatt"]
[WhiteFideId "2110806"]
[WhiteElo "1945"]
[BlackElo "2314"]
[Result "0-1"]
[Round "4"]
[TimeControl "180+2"]
[Date "2023.07.18"]
[WhiteClock "0:00:13"]
[BlackClock "0:01:50"]
[Board "180"]

1. d4 d5 2. c4 c6 3. Nf3 Nf6 4. g3 Bf5 5. Bg2 e6 6. Qb3 Qb6 7. c5 Qxb3 8. axb3 Na6 9. Nc3 Nb4 10. O-O Be7 11. Ra4 Na6 12. Bf4 Nh5 13. Bg5 f6 14. Bd2 g5 15. Rfa1 Bc2 16. R4a3 Ng7 17. Ne1 Bg6 18. e4 Kf7 19. Nd3 dxe4 20. Bxe4 Nf5 21. Ne2 Rad8 22. Bc3 Kg7 23. Bxf5 Bxf5 24. Ne1 h5 25. b4 h4 26. b5 cxb5 27. Ba5 Rd7 28. Bc3 b4 29. Bxb4 Nxb4 30. Rxa7 Nc6 31. Ra8 Rxa8 32. Rxa8 Nxd4 33. Nxd4 Rxd4 34. Nf3 Rd1+ 35. Kg2 h3# 0-1


[Site "https://www.chess.com"]

[Event "Titled Tuesday Blitz July 18 Late 2023"]
[White "Arias Igual, Alejandro"]
[Black "Gyulamiryan-koryun"]
[WhiteFideId "2254905"]
[WhiteElo "2313"]
[BlackElo "1903"]
[Result "1-0"]
[Round "4"]
[TimeControl "180+2"]
[Date "2023.07.18"]
[WhiteClock "0:00:09"]
[BlackClock "0:00:31"]
[Board "181"]

1. e4 e5 2. Nf3 Nc6 3. Bb5 a6 4. Bxc6 dxc6 5. Nc3 f6 6. d4 exd4 7. Nxd4 g6 8. O-O Bg7 9. Be3 Ne7 10. Qe2 O-O 11. Qc4+ Kh8 12. Ne6 Bxe6 13. Qxe6 Qd6 14. Qb3 b5 15. Rad1 Qe5 16. Rd7 Ng8 17. f4 Qe8 18. Rxc7 Rc8 19. Rxc8 Qxc8 20. Rd1 Rd8 21. Rd3 a5 22. Qf7 Rxd3 23. cxd3 b4 24. Na4 Qg4 25. Kf2 Qd1 26. Qb3 Qb1 27. Nc5 f5 28. e5 Ne7 29. Ne6 Nd5 30. Nxg7 Kxg7 31. e6 Kf6 32. Qc4 Qxb2+ 33. Kf3 Nxe3 34. Kxe3 Qe5+ 35. fxe5+ Kxe5 36. e7 Kf6 37. e8=Q Kg5 38. Qe7+ Kh6 39. Qch4# 1-0


[Site "https://www.chess.com"]

[Event "Titled Tuesday Blitz July 18 Late 2023"]
[White "Pranav, V"]
[Black "Nakamura, Hikaru"]
[WhiteFideId "25060783"]
[BlackFideId "2016192"]
[WhiteElo "2978"]
[BlackElo "3252"]
[Result "0-1"]
[Round "5"]
[TimeControl "180+2"]
[Date "2023.07.18"]
[WhiteClock "0:00:00"]
[BlackClock "0:00:14"]
[Board "1"]

1. e4 a6 2. Nf3 e6 3. Nc3 d5 4. d4 Nf6 5. exd5 Nxd5 6. Bd3 Nf6 7. O-O b6 8. Re1 Bb7 9. Ne5 Be7 10. Bg5 O-O 11. Qe2 Nbd7 12. Rad1 b5 13. a3 Nd5 14. Nxd7 Qxd7 15. Bxe7 Nxe7 16. Ne4 Bxe4 17. Qxe4 Ng6 18. h4 Rfd8 19. h5 Nf8 20. h6 gxh6 21. Qh4 Kg7 22. Be4 Ng6 23. Qh5 Rac8 24. d5 Qe7 25. dxe6 fxe6 26. Rd3 Rxd3 27. Bxd3 Qf6 28. c3 Nf4 29. Qf3 Rf8 30. Be4 Qg5 31. Qe3 h5 32. Rd1 Rf7 33. Kf1 h4 34. Bf3 h6 35. Rd4 c5 36. Re4 Qf5 37. Kg1 h3 38. g3 Nd5 39. Rg4+ Kh7 40. Qe4 Nf6 41. Qxf5+ exf5 42. Rf4 Kg6 43. Kh2 Rd7 44. Kxh3 Rd2 45. Bb7 a5 46. Bc8 Rxb2 47. Rxf5 Ne4 48. Kg2 Rc2 49. Rf4 Nd6 50. Bd7 Rxc3 51. a4 b4 52. Rg4+ Kf6 53. Rh4 Ke7 54. Bg4 b3 55. Rxh6 b2 56. Rh7+ Kf8 57. Rh8+ Kg7 58. Rb8 Rc2 59. Rb6 c4 60. Be6 c3 61. Ba2 Rd2 62. Bb1 Nc4 63. Rb7+ Kf6 64. Kh3 c2 65. Bxc2 Rxc2 66. f4 Na3 0-1


[Site "https://www.chess.com"]

[Event "Titled Tuesday Blitz July 18 Late 2023"]
[White "He, Anthony"]
[Black "Mamedov, Rauf"]
[WhiteFideId "2088215"]
[BlackFideId "13401653"]
[WhiteElo "2973"]
[BlackElo "3055"]
[Result "1-0"]
[Round "5"]
[TimeControl "180+2"]
[Date "2023.07.18"]
[WhiteClock "0:00:30"]
[BlackClock "0:00:00"]
[Board "2"]

1. e4 c5 2. Ne2 d6 3. g3 Nf6 4. Bg2 g6 5. c3 Bg7 6. d4 O-O 7. O-O Nc6 8. h3 Bd7 9. Be3 b6 10. Nd2 Rc8 11. Rc1 h5 12. f4 cxd4 13. cxd4 Nb4 14. a3 Rxc1 15. Qxc1 Nc6 16. e5 dxe5 17. fxe5 Nh7 18. Bxc6 Bxh3 19. Rf2 Bg4 20. Bf3 Bf5 21. Be4 Bg4 22. Nc3 e6 23. Nf3 Qd7 24. Nh2 Bf5 25. Bxf5 exf5 26. Nf3 Rc8 27. Qd1 b5 28. Qb3 a6 29. Qd5 Qe7 30. Qb3 Qb7 31. d5 Re8 32. Bf4 g5 33. Nxg5 Nxg5 34. Bxg5 Rxe5 35. Qd1 Qb6 36. Kg2 a5 37. d6 Qc6+ 38. Rf3 Qd7 39. Rd3 h4 40. gxh4 Kh8 41. Qh5+ Kg8 42. Qf3 Kh7 43. Nd5 Re4 44. Ne3 Re5 45. Bf4 Re4 46. Rd5 Qe6 47. d7 Qg6+ 48. Qg3 Bf6 49. Qxg6+ fxg6 50. Bg5 1-0


[Site "https://www.chess.com"]

[Event "Titled Tuesday Blitz July 18 Late 2023"]
[White "Martinez Alcantara, Jose Eduardo"]
[Black "Hakobyan, Aram"]
[WhiteFideId "3805662"]
[BlackFideId "13306677"]
[WhiteElo "3054"]
[BlackElo "2969"]
[Result "1-0"]
[Round "5"]
[TimeControl "180+2"]
[Date "2023.07.18"]
[WhiteClock "0:00:07"]
[BlackClock "0:00:00"]
[Board "3"]

1. e4 c5 2. Nf3 d6 3. c3 Nf6 4. h3 Nc6 5. Bd3 g5 6. Bc2 g4 7. hxg4 Bxg4 8. d3 d5 9. Qe2 dxe4 10. dxe4 h5 11. Bg5 Qb6 12. Bb3 O-O-O 13. Nbd2 Ne5 14. Nc4 Nxc4 15. Bxc4 Rg8 16. Bf4 e6 17. Bg3 Bh6 18. Bd3 c4 19. Bxc4 Rd2 20. Qxd2 Bxd2+ 21. Nxd2 Qxb2 22. Rb1 Qxc3 23. O-O Qxd2 24. Rfc1 Kd8 25. Bb3 Nd7 26. Ba4 f6 27. Rf1 e5 28. Rxb7 Be6 29. Bh4 Rg7 30. Bxf6+ Kc8 31. Bxd7+ Rxd7 32. Rbb1 Rc7 33. Bxe5 Rc4 34. Rfd1 1-0


[Site "https://www.chess.com"]

[Event "Titled Tuesday Blitz July 18 Late 2023"]
[White "Van Foreest, Jorden"]
[Black "Bortnyk, Olexandr"]
[WhiteFideId "1039784"]
[BlackFideId "14120828"]
[WhiteElo "2955"]
[BlackElo "3029"]
[Result "0-1"]
[Round "5"]
[TimeControl "180+2"]
[Date "2023.07.18"]
[WhiteClock "0:00:08"]
[BlackClock "0:00:33"]
[Board "4"]

1. d4 d6 2. e4 Nf6 3. Nc3 e5 4. Nf3 Nbd7 5. Bc4 Be7 6. Ng5 O-O 7. Bxf7+ Rxf7 8. Ne6 Qe8 9. Nxc7 Qd8 10. Nxa8 b5 11. dxe5 dxe5 12. Nd5 Bd6 13. Bg5 Bb7 14. Nxf6+ Nxf6 15. Qd3 Bb4+ 16. Bd2 Bxd2+ 17. Qxd2 Qxd2+ 18. Kxd2 Nxe4+ 19. Ke3 Nxf2 20. Rhf1 Ng4+ 21. Ke2 Bxa8 22. Rxf7 Kxf7 23. a4 b4 24. Rd1 Nf6 25. Rd6 Bb7 26. Rd8 Bxg2 27. Rb8 g5 28. a5 h5 29. a6 Ke6 30. Rxb4 h4 31. Rb8 g4 32. Kf2 Bc6 33. Rh8 h3 34. c4 Ne4+ 35. Ke3 Nd6 36. b3 Nf5+ 37. Kf2 e4 38. Rh7 e3+ 39. Ke2 Bf3+ 40. Kd3 e2 41. Kd2 Nd4 0-1


[Site "https://www.chess.com"]

[Event "Titled Tuesday Blitz July 18 Late 2023"]
[White "Matlakov, Maxim"]
[Black "Bluebaum, Matthias"]
[WhiteFideId "4168003"]
[BlackFideId "24651516"]
[WhiteElo "2954"]
[BlackElo "3023"]
[Result "1-0"]
[Round "5"]
[TimeControl "180+2"]
[Date "2023.07.18"]
[WhiteClock "0:00:30"]
[BlackClock "0:00:24"]
[Board "5"]

1. d4 d5 2. Nf3 e6 3. e3 c5 4. Bd3 Nc6 5. O-O Nf6 6. c3 Bd6 7. Nbd2 O-O 8. Qe2 e5 9. dxc5 Bxc5 10. e4 Bg4 11. exd5 Qxd5 12. Ne4 Nxe4 13. Bxe4 Qe6 14. Re1 f6 15. Qb5 Qe7 16. b4 Bb6 17. a4 Rfc8 18. a5 Bd8 19. a6 Rab8 20. Qd3 h6 21. Nh4 Bb6 22. Bh7+ Kf7 23. Qg6+ Kf8 24. Qxg4 Qe8 25. Ng6+ Kf7 26. Nf4 Ne7 27. Nd5 Rd8 28. Nxe7 Qxe7 29. Qc4+ Qe6 30. Bg6+ Ke7 31. Qxe6+ Kxe6 32. Be3 Bxe3 33. Rxe3 b6 34. g4 Rd2 35. Kg2 Rbd8 36. Rae1 Rb2 37. R1e2 Rdd2 38. Rxd2 Rxd2 39. Rd3 Rxd3 40. Bxd3 Kd5 41. Kf3 Kd6 42. Ke4 Kd7 43. Kf5 Kc7 1-0


[Site "https://www.chess.com"]

[Event "Titled Tuesday Blitz July 18 Late 2023"]
[White "Andreikin, Dmitry"]
[Black "Terry, Renato"]
[WhiteFideId "4158814"]
[BlackFideId "3803457"]
[WhiteElo "3003"]
[BlackElo "2948"]
[Result "0-1"]
[Round "5"]
[TimeControl "180+2"]
[Date "2023.07.18"]
[WhiteClock "0:00:58"]
[BlackClock "0:01:04"]
[Board "6"]

1. d4 e6 2. Nf3 Nf6 3. c4 Bb4+ 4. Bd2 Qe7 5. g3 Nc6 6. Bg2 Bxd2+ 7. Nbxd2 d6 8. Nf1 O-O 9. Ne3 Rb8 10. Rc1 b6 11. O-O Bb7 12. d5 Ne5 13. Nd4 a5 14. Re1 Ned7 15. Nf1 e5 16. Nf5 Qd8 17. e4 g6 18. Nh4 Nc5 19. Qd2 Kg7 20. Ne3 Bc8 21. Nd1 Nh5 22. Bf3 Nf4 23. Ne3 Qf6 24. Rc3 Nh3+ 25. Kh1 Nxe4 26. Bxe4 Nxf2+ 27. Kg1 Nxe4 28. Qc2 Nxc3 29. Qxc3 Qg5 30. Nf3 Qh5 31. Rf1 Bh3 32. Rf2 Rbe8 33. Nd2 f5 34. c5 bxc5 35. Qxa5 Re7 36. Qc3 Kg8 37. Nf3 f4 38. Nc4 e4 0-1


[Site "https://www.chess.com"]

[Event "Titled Tuesday Blitz July 18 Late 2023"]
[White "Zhigalko, Sergei"]
[Black "Svane, Frederik"]
[WhiteFideId "13502956"]
[BlackFideId "12923044"]
[WhiteElo "2896"]
[BlackElo "2978"]
[Result "1/2-1/2"]
[Round "5"]
[TimeControl "180+2"]
[Date "2023.07.18"]
[WhiteClock "0:00:01"]
[BlackClock "0:00:06"]
[Board "7"]

1. e4 c5 2. Nf3 d6 3. d4 cxd4 4. Qxd4 Nc6 5. Bb5 Bd7 6. Bxc6 Bxc6 7. Nc3 Nf6 8. Bg5 e6 9. O-O-O Be7 10. Rhe1 O-O 11. Kb1 Qa5 12. Qd2 Qa6 13. Nd4 b5 14. f3 b4 15. Nce2 Rab8 16. g4 Rfc8 17. Ng3 Ba4 18. b3 Rc5 19. bxa4 Qxa4 20. Nb3 Rxg5 21. Qxg5 Nd5 22. Rxd5 Bxg5 23. Rxg5 e5 24. Rh5 a5 25. Rd1 Qb5 26. Rh3 a4 27. Nc1 Qc5 28. Nge2 g6 29. f4 exf4 30. Nxf4 Qe5 31. Ncd3 Qxe4 32. Re1 Qc4 33. Rhe3 b3 34. axb3 axb3 35. Re8+ Rxe8 36. Rxe8+ Kg7 37. cxb3 Qxb3+ 38. Kc1 Qa2 39. Re2 Qa1+ 40. Kd2 Qd4 41. h3 d5 42. Re7 Qg1 43. Re2 Qd4 44. Re3 Kf6 45. Re2 Kg5 46. Re3 Kh6 47. Re2 Kg7 1/2-1/2


[Site "https://www.chess.com"]

[Event "Titled Tuesday Blitz July 18 Late 2023"]
[White "Anton Guijarro, David"]
[Black "Naroditsky, Daniel"]
[WhiteFideId "2285525"]
[BlackFideId "2026961"]
[WhiteElo "2932"]
[BlackElo "3134"]
[Result "0-1"]
[Round "5"]
[TimeControl "180+2"]
[Date "2023.07.18"]
[WhiteClock "0:00:01"]
[BlackClock "0:00:29"]
[Board "8"]

1. d4 Nf6 2. c3 g6 3. Bg5 Bg7 4. Nd2 O-O 5. e3 d6 6. Ngf3 b6 7. a4 a5 8. Bd3 Bb7 9. O-O Nbd7 10. e4 e5 11. Re1 Re8 12. Qc2 h6 13. Bh4 g5 14. Bg3 Nh5 15. dxe5 Nxg3 16. hxg3 Nxe5 17. Bb5 Nxf3+ 18. gxf3 Re7 19. Nf1 d5 20. Rad1 c6 21. Bd3 Qc7 22. Ne3 Rae8 23. exd5 cxd5 24. Bb5 d4 25. cxd4 Qxc2 26. Nxc2 Rxe1+ 27. Nxe1 Rd8 28. b3 Rxd4 29. Rxd4 Bxd4 30. Bc4 Bc3 31. Kf1 Bxe1 32. Kxe1 Bxf3 33. Kd2 Kg7 34. Ke3 Bc6 35. g4 Bd7 36. f3 f5 37. Be2 Be6 38. Bd1 Kf7 39. Kd4 Kf6 40. Kd3 Ke5 41. Ke3 Bd5 42. Bc2 f4+ 0-1


[Site "https://www.chess.com"]

[Event "Titled Tuesday Blitz July 18 Late 2023"]
[White "Firouzja, Alireza"]
[Black "Moskalenko, Alexander"]
[WhiteFideId "12573981"]
[BlackFideId "4155351"]
[WhiteElo "3126"]
[BlackElo "2872"]
[Result "1/2-1/2"]
[Round "5"]
[TimeControl "180+2"]
[Date "2023.07.18"]
[WhiteClock "0:00:03"]
[BlackClock "0:00:06"]
[Board "9"]

1. d4 Nf6 2. Bg5 d5 3. e3 g6 4. c4 Bg7 5. Nc3 c5 6. Bxf6 Bxf6 7. Nxd5 Bg7 8. Nf3 cxd4 9. exd4 Nc6 10. h3 e6 11. Nc3 Nxd4 12. Be2 Nxf3+ 13. Bxf3 Bxc3+ 14. bxc3 Qxd1+ 15. Rxd1 Ke7 16. O-O Rb8 17. c5 Bd7 18. Rb1 Rhc8 19. Rxb7 Rxb7 20. Bxb7 Rxc5 21. Rc1 e5 22. a3 f5 23. Bf3 e4 24. Be2 Ra5 25. Ra1 Rc5 26. Rc1 Ke6 27. f3 Bc6 28. Kf2 Ra5 29. Ra1 Rc5 30. Rc1 Ra5 31. Ra1 Rc5 32. c4 Ra5 33. Ke3 exf3 34. Bxf3 Bxf3 35. gxf3 Kd6 36. Kd4 g5 37. a4 h6 38. h4 g4 39. h5 Ke6 40. f4 Kd6 41. Re1 Rxa4 42. Re5 Ra1 43. Rxf5 Rd1+ 44. Ke3 Ke6 45. Re5+ Kf6 46. Ra5 g3 47. Kf3 Rd3+ 48. Kg2 Rc3 49. Rc5 a6 50. Kh3 Ke6 51. Rc6+ Kf5 52. Rxh6 Kxf4 53. Rxa6 g2+ 54. Kxg2 Rxc4 55. h6 Kf5 56. Kg3 Rg4+ 57. Kh3 Rg1 58. Ra5+ Kg6 59. Ra6+ Kh7 60. Kh4 Rg6 61. Rxg6 Kxg6 62. h7 Kg7 63. h8=Q+ Kxh8 1/2-1/2


[Site "https://www.chess.com"]

[Event "Titled Tuesday Blitz July 18 Late 2023"]
[White "Bartel, Mateusz"]
[Black "Nihal Sarin"]
[WhiteFideId "1112635"]
[BlackFideId "25092340"]
[WhiteElo "2846"]
[BlackElo "3058"]
[Result "0-1"]
[Round "5"]
[TimeControl "180+2"]
[Date "2023.07.18"]
[WhiteClock "0:00:00"]
[BlackClock "0:00:03"]
[Board "10"]

1. e4 a6 2. d4 c6 3. Nf3 d5 4. Nc3 Bg4 5. h3 Bh5 6. g4 Bg6 7. Ne5 e6 8. Nxg6 hxg6 9. Bg2 dxe4 10. Nxe4 Nf6 11. Ng5 Nbd7 12. Qe2 Bd6 13. Bd2 Nd5 14. Qf3 Qe7 15. O-O-O N5f6 16. Rhe1 O-O-O 17. Qb3 Nd5 18. Qf3 N5f6 19. Kb1 Rhf8 20. a3 Nb6 21. Qb3 Nbd5 22. c4 Nf4 23. Bf3 Rh8 24. Rh1 Nxg4 25. Nxf7 Nxf2 26. Nxh8 Rxh8 27. Bg4 Nxh1 28. Rxh1 Kb8 29. Re1 Qh4 30. Ka2 Qf2 31. Qe3 Qh2 32. Bc3 Ng2 33. Qxe6 Nxe1 34. Qxe1 Qf4 35. Qe6 Qf6 36. Qe4 Qf7 37. Qd3 Re8 38. d5 cxd5 39. cxd5 Be5 40. Be6 Qf6 41. Ba5 Rxe6 42. dxe6 Qxe6+ 43. Qb3 Qc6 44. Qd3 Qe6+ 45. Qb3 Qc6 46. Qg8+ Ka7 47. Qb3 b6 48. Bd2 Kb7 49. Qf7+ Kc8 50. Qf8+ Kd7 51. Qf7+ Kd8 52. Qf8+ Qe8 53. Bg5+ Kd7 54. Qf3 Qe6+ 55. Kb1 Qf5+ 56. Qxf5+ gxf5 57. Kc2 Ke6 58. b3 Kd5 59. Kd3 b5 60. Bd8 Bd6 61. a4 bxa4 62. bxa4 f4 63. Bg5 Ke5 64. Bh4 Bc5 65. Bd8 f3 66. Ba5 Kf4 67. Bc7+ Kg5 68. Bg3 Kf5 69. Bc7 g5 70. Bb8 g4 71. hxg4+ Kxg4 72. Bc7 Kh3 0-1


[Site "https://www.chess.com"]

[Event "Titled Tuesday Blitz July 18 Late 2023"]
[White "Bortnyk, Mykola"]
[Black "Perez Ponsa, Federico"]
[WhiteFideId "14120836"]
[BlackFideId "117927"]
[WhiteElo "3038"]
[BlackElo "2827"]
[Result "0-1"]
[Round "5"]
[TimeControl "180+2"]
[Date "2023.07.18"]
[WhiteClock "0:00:00"]
[BlackClock "0:00:03"]
[Board "11"]

1. e4 c5 2. c3 Nf6 3. e5 Nd5 4. Nf3 d6 5. d4 cxd4 6. cxd4 Nc6 7. Bc4 dxe5 8. Bxd5 Qxd5 9. Nc3 Qd6 10. d5 Nd4 11. Nxd4 exd4 12. Qxd4 e5 13. Qe4 Bd7 14. O-O Be7 15. f4 f6 16. fxe5 Qxe5 17. Qxe5 fxe5 18. Be3 Rf8 19. Rfe1 Bf5 20. Bf2 Bd6 21. Nb5 Kd7 22. Nxa7 Bd3 23. Be3 e4 24. a4 Rf5 25. b4 Bxb4 26. Reb1 Bxb1 27. Rxb1 Bd6 28. Rxb7+ Ke8 29. Rxg7 Rf7 30. Rg8+ Rf8 31. Rg4 Kd7 32. Rg7+ Ke8 33. Nb5 Be5 34. Rg5 Bf6 35. Rh5 Rxa4 36. h4 Rb4 37. Nc7+ Kd7 38. Rxh7+ Kd6 39. Bc5+ Kxc5 40. Ne6+ Kxd5 41. Nxf8 Rb1+ 42. Kf2 Bd4+ 43. Kg3 e3 44. Rd7+ Kc4 45. Ne6 Bb6 46. Nf4 Rh1 47. Re7 Bd4 48. h5 Kc5 49. Ne6+ Kd6 0-1


[Site "https://www.chess.com"]